 Dungeon Crawl Stone Soup version 0.30-a0-743-gbfdf073431 (webtiles) character file.

Game seed: 11186497035832399432

6080 Rrauwl the Severer (level 10, -11/78 HPs)
             Began as a Minotaur Fighter on Feb 6, 2023.
             Was an Initiate of Ru.
             Mangled by a two-headed ogre
             ... wielding a +0 giant club
              (12 damage)
             ... on level 7 of the Dungeon.
             The game lasted 00:20:46 (7105 turns).

Rrauwl the Severer (Minotaur Fighter)               Turns: 7105, Time: 00:20:47

Health: -11/78     AC: 18    Str: 24    XL:     10   Next: 58%
Magic:  18/18      EV:  8    Int:  5    God:    Ru [......]
Gold:   1242       SH:  6    Dex: 11    Spells: 9/9 levels left

rFire   . . .      SeeInvis .    a - +1 war axe (flame)
rCold   . . .      Faith    .    c - +1 buckler
rNeg    . . .      Spirit   .    r - +3 chain mail
rPois   .          Reflect  .    (helmet restricted)
rElec   .          Harm     .    z - +0 cloak
rCorr   .          Rampage  .    (no gloves)
Will    .....                    (no boots) Stlth
                                 e - amulet of the acrobat
HPRegen 0.33/turn                f - ring of magical power
MPRegen 0.16/turn                y - +4 ring of protection

@: no status effects
A: horns 2, retaliatory headbutt
a: Renounce Religion


You were on level 7 of the Dungeon.
You worshipped Ru.
Ru was noncommittal.
You visited 2 branches of the dungeon, and saw 8 of its levels.

You collected 1242 gold pieces.

Inventory:

Hand Weapons
 a - a +1 war axe of flaming (weapon)
 b - a +4 antimagic sling
 A - a +3 hand axe
Missiles
 g - 2 throwing nets (quivered)
Armour
 c - a +1 buckler (worn)
 r - a +3 chain mail (worn)
 z - a +0 cloak (worn)
Jewellery
 e - an amulet of the acrobat (around neck)
 f - a ring of magical power (left hand)
 o - an amulet of faith
 y - a +4 ring of protection (right hand)
Wands
 n - a wand of digging (6)
 s - a wand of paralysis (6)
 x - a wand of polymorph (5)
Scrolls
 i - 5 scrolls of teleportation
 p - 4 scrolls of vulnerability
 v - a scroll of identify
 w - a scroll of enchant weapon
Potions
 h - a potion of brilliance
 j - a potion of magic
 k - 2 potions of ambrosia
 u - a potion of resistance


   Skills:
 - Level 4.0 Fighting
 + Level 17.4 Axes
 - Level 6.0 Armour
 - Level 6.0 Shields


You had 9 spell levels left.
You didn't know any spells.
Your spell library contained the following spells:

 Spells                   Type           Power      Damage    Failure   Level
 Foxfire                  Conj/Fire      0%         2x1d4     99%         1
 Ozocubu's Armour         Ice            0%         N/A       100%        3
 Fireball                 Conj/Fire      0%         3d3       100%        5
 Metabolic Englaciation   Hex/Ice        0%         N/A       100%        5
 Simulacrum               Ice/Necr       0%         N/A       100%        6
 Starburst                Conj/Fire      0%         6d3       100%        6
 Ozocubu's Refrigeration  Ice            0%         4d7       100%        7


Dungeon Overview and Level Annotations

Branches:
Dungeon (7/15)             Temple (1/1) D:6

Altars:
Ashenzari
Cheibriados
Dithmenos
Elyvilon
Fedhas
Hepliaklqana
Makhleb
Okawaru
Qazlal
Ru
Sif Muna
Trog
Uskayaw
Vehumet
Zin
The Shining One

Shops:
D:7 :(


Innate Abilities, Weirdness & Mutations

You have a pair of horns on your head.
You reflexively headbutt those who attack you in melee.


Message History

The helpless cyclops fails to defend itself.
You slash the cyclops! You burn the cyclops.
You kill the cyclops!
You start resting.
Your extra speed is starting to run out.
You start resting.
You feel yourself slow down.
You start resting.
A two-headed ogre comes into view. It is wielding two +0 giant clubs.
Aiming: Paralyse
Press: ? - help, Shift-Dir - straight line, f - two-headed ogre
Aim: a two-headed ogre, wielding two +0 giant clubs (chance to affect: 31%)
The two-headed ogre easily resists.
Aiming: Paralyse
Press: ? - help, Shift-Dir - straight line, f/p - two-headed ogre
Aim: a two-headed ogre, wielding two +0 giant clubs (chance to affect: 31%)
The two-headed ogre easily resists.
You hit the two-headed ogre but do no damage.
The two-headed ogre hits you but does no damage.
The two-headed ogre hits you with a +0 giant club!
You barely miss the two-headed ogre. You barely miss the two-headed ogre.
The two-headed ogre hits you but does no damage.
You block the two-headed ogre's attack.
You completely miss the two-headed ogre.
Your headbutt misses the two-headed ogre.
Aiming: Paralyse
Press: ? - help, Shift-Dir - straight line, f/p - two-headed ogre
Aim: a two-headed ogre, wielding two +0 giant clubs (chance to affect: 31%)
The two-headed ogre easily resists.
The two-headed ogre hits you with a +0 giant club!!
* * * LOW HITPOINT WARNING * * *
The two-headed ogre hits you with a +0 giant club!
* * * LOW HITPOINT WARNING * * *
Aiming: Paralyse
Press: ? - help, Shift-Dir - straight line, f/p - two-headed ogre
Aim: a two-headed ogre, wielding two +0 giant clubs (chance to affect: 31%)
The two-headed ogre easily resists.
The two-headed ogre hits you with a +0 giant club!
You die...

#:.##.# #. #.†.#.#
CT#.#.# #.#####.#.#.#
#.#.#.# ...#...#.#.#
#.
#.#.#.####.#.###.#.##
#.
#.#.#†'(#.†...#.'..#
#.
#.#.##†###.#.###..##
#.
#T###.#...#...#...##
#. #.#.W#.#O###
#.#.#..# #. #.#
l:#..@# .#.##.## #.
#+ #######
##.##..###.
#..###..#..
#.###......
#.###.#.∩.#
##.##.......
#..#..###### ##....##
##...###


You could see a two-headed ogre.

Vanquished Creatures
  A boulder beetle (D:7)
  A cyclops (D:7)
  An ugly thing (D:6)
  A moth of wrath (D:5)
  Maggie (D:7)
  A komodo dragon (D:7)
  2 trolls (D:7)
  The ghost of confidenceinterval the Shooter, an amateur DsHu (D:5)
  A wraith (D:7)
  Duvessa (D:4)
  An orc warrior (D:6)
  2 black bears (D:5)
  4 ogres
  2 ice beasts (D:5)
  2 centaurs
  A phantom (D:5)
  A kobold brigand (D:6)
  Blork the orc (D:4)
  A bullfrog (D:6)
  A necrophage (D:5)
  2 scorpions
  5 wights (D:6)
  Dowan (D:4)
  2 howler monkeys
  4 orc priests
  6 hounds
  A jelly (D:4)
  2 gnoll boudas
  3 iguanas
  An orc wizard (D:6)
  Natasha (thrice) (D:4)
  Robin (D:4)
  19 gnolls
  11 adders
  A white imp (D:5)
  2 ufetubi (D:5)
  4 worms
  The ghost of NoOffense the Sneak, a weakling KoDe (D:5)
  11 orcs
  7 ball pythons
  8 endoplasms
  7 giant cockroaches
  13 goblins
  16 hobgoblins
  11 jackals
  7 quokkas
  6 bats
  3 frilled lizards
  10 kobolds
  13 rats
208 creatures vanquished.

Vanquished Creatures (others)
  An unseen horror (D:7)
1 creature vanquished.

Grand Total: 209 creatures vanquished

Notes
Turn   | Place    | Note
-------+----------+-------------------------------------------
     0 | D:1      | Rrauwl the Minotaur Fighter began the quest for the Orb.
     0 | D:1      | Reached XP level 1. HP: 19/19 MP: 0/0
     6 | D:1      | Noticed a killer bee
     6 | D:1      | Noticed a water moccasin
     7 | D:1      | Noticed a polar bear
   142 | D:1      | Reached XP level 2. HP: 27/27 MP: 1/1
   492 | D:1      | Reached skill level 3 in Axes
   526 | D:1      | Reached XP level 3. HP: 33/33 MP: 2/2
   806 | D:2      | Found a radiant altar of Vehumet.
   822 | D:2      | Reached XP level 4. HP: 22/40 MP: 3/3
  1017 | D:2      | Identified a scroll of acquirement
  1017 | D:2      | Acquired 933 gold pieces
  1568 | D:2      | Reached skill level 4 in Axes
  1731 | D:3      | Reached XP level 5. HP: 46/46 MP: 4/4
  2126 | D:3      | Reached skill level 5 in Armour
  2490 | D:4      | Noticed Robin
  2491 | D:4      | Reached skill level 5 in Shields
  2517 | D:4      | Killed Robin
  2680 | D:4      | Noticed a centaur
  2696 | D:4      | Killed a centaur
  2697 | D:4      | Reached XP level 6. HP: 18/52 MP: 4/5
  3234 | D:4      | Noticed Natasha
  3239 | D:4      | Killed Natasha
  3240 | D:4      | Reached skill level 5 in Axes
  3250 | D:4      | Noticed Natasha
  3255 | D:4      | Killed Natasha
  3364 | D:4      | Noticed Duvessa
  3364 | D:4      | Noticed Dowan
  3370 | D:4      | Killed Duvessa
  3371 | D:4      | Reached skill level 6 in Axes
  3371 | D:4      | Reached XP level 7. HP: 59/59 MP: 5/6
  3373 | D:4      | Killed Dowan
  3424 | D:4      | Found a radiant altar of Vehumet.
  3472 | D:4      | Noticed Blork the orc
  3481 | D:4      | Killed Blork the orc
  3502 | D:4      | Noticed Natasha
  3513 | D:4      | Killed Natasha
  3514 | D:4      | Reached skill level 7 in Axes
  3725 | D:5      | Entered Level 5 of the Dungeon
  3765 | D:5      | Found a glowing golden altar of the Shining One.
  3916 | D:5      | Reached skill level 8 in Axes
  4051 | D:5      | Reached skill level 9 in Axes
  4051 | D:5      | Reached XP level 8. HP: 54/66 MP: 5/7
  4153 | D:5      | Noticed a moth of wrath
  4155 | D:5      | Found a bloodstained altar of Trog.
  4199 | D:5      | Killed a moth of wrath
  4200 | D:5      | Reached skill level 10 in Axes
  4280 | D:5      | Reached skill level 11 in Axes
  4306 | D:5      | Reached skill level 12 in Axes
  4493 | D:5      | Found a shadowy altar of Dithmenos.
  4567 | D:5      | Reached XP level 9. HP: 71/71 MP: 6/8
  4697 | D:5      | Found a glowing silver altar of Zin.
  4753 | D:5      | Found an iron altar of Okawaru.
  4848 | D:5      | Found a runed translucent gate.
  4848 | D:5      | Found a runed translucent gate.
  4852 | D:5      | Found a runed translucent gate.
  4853 | D:5      | Noticed confidenceinterval's ghost (amateur DsHu)
  4853 | D:5      | Noticed NoOffense's ghost (weakling KoDe)
  5089 | D:5      | Killed NoOffense's ghost
  5093 | D:5      | Killed confidenceinterval's ghost
  5194 | D:6      | Reached skill level 13 in Axes
  5426 | D:6      | Reached skill level 14 in Axes
  5569 | D:6      | Noticed a green ugly thing
  5577 | D:6      | Killed a green ugly thing
  5783 | D:6      | Reached skill level 15 in Axes
  5999 | D:6      | Found a staircase to the Ecumenical Temple.
  6007 | Temple   | Entered the Ecumenical Temple
  6133 | Temple   | Became a worshipper of Ru the Awakened
  6522 | D:6      | Found a white marble altar of Elyvilon.
  6586 | D:7      | Found Xyoha's Book Boutique.
  6606 | D:7      | Noticed Maggie
  6621 | D:7      | Killed Maggie
  6622 | D:7      | Reached XP level 10. HP: 62/78 MP: 6/9
  6678 | D:7      | Found Mettiucwu's Antique Weapon Emporium.
  6711 | D:7      | Noticed a boulder beetle
  6734 | D:7      | Killed a boulder beetle
  6735 | D:7      | Reached skill level 16 in Axes
  6925 | D:7      | Noticed a cyclops
  6966 | D:7      | Reached skill level 17 in Axes
  6976 | D:7      | Killed a cyclops
  7095 | D:7      | Noticed a two-headed ogre
  7104 | D:7      | HP: 1/78 [two-headed ogre/+0 giant club (16)]
  7105 | D:7      | Mangled by a two-headed ogre

Illustrated notes

Levels and vault maps discovered:
D:1:      onia_arrival_zoo_common, layout_basic, hangedman_feature_mirror,
          minmay_door_square
D:2:      layout_loops_corners, basic_altar
D:3:      layout_loops_ring
D:4:      layout_loops_corners, kennysheep_little_box, uniq_duvessa,
          uniq_natasha, uniq_blork_the_orc, uniq_robin
D:5:      layout_basic, tgw_trog, nicolae_dithmenos_the_darkroom,
          mainiacjoe_overflow_brackets, okawaru_altar_gauntlet_db, zin_statuary,
          gammafunk_ghost_cemetery, gup_sewer_entry_pipe, minmay_circle_x
D:6:      nicolae_cairo_tiling_large, layout_basic,
          mainiacjoe_overflow_alcove_1, minmay_temple_entry_proselytizer,
          kennysheep_generic_room_4
D:7:      minmay_the_grid_plus_closed [minmay_the_grid_paths,
          minmay_the_grid_dragon_b, minmay_the_grid_embedded,
          minmay_the_grid_eight, minmay_the_grid_prize_four_corners_diamond_b],
          layout_basic, tgw_xom, nzn_wu_jian_council_hall, lemuel_round_altar,
          old_standard_altar, serial_shops, shop, nicolae_shop_stone,
          nicolae_shop_statue_plus, serial_park_tiny_pond, uniq_joseph,
          uniq_maggie
Temple:   nicolae_temple_figure_zero

Skill      XL: |  1  2  3  4  5  6  7  8  9 10 |
---------------+-------------------------------+-----
Fighting       | 4 |  4.0
Armour         | 4 5 6 |  6.0
Shields        | 4 5 6 |  6.0
Axes           | 3 4 6 9 12 15 17 | 17.4

Action                     |  1- 3 |  4- 6 |  7- 9 | 10-12 || total
---------------------------+-------+-------+-------+-------++-------
  Melee: War axe           |    47 |    91 |   215 |    55 ||   408
         Headbutt          |     4 |     6 |    34 |    11 ||    55
   Fire: Sling             |       |    66 |    85 |       ||   151
  Evoke: Wand              |       |       |     4 |    11 ||    15
    Use: Scroll            |     1 |     8 |     3 |     1 ||    13
         Potion            |       |     5 |     1 |     7 ||    13
   Stab: Paralysed         |       |       |     2 |     2 ||     4
 Armour: Scale mail        |    24 |    14 |       |       ||    38
         Plate armour      |       |    45 |    62 |       ||   107
         Chain mail        |       |       |    51 |    30 ||    81
  Dodge: Dodged            |    28 |    69 |    70 |    11 ||   178
  Block: Buckler           |    12 |    36 |    59 |    10 ||   117

Table legend: (Time is in decaauts)
 A = Elapsed time spent in this place.
 B = Non-inter-level travel time spent in this place.
 C = Inter-level travel time spent in this place.
 D = Time resting spent in this place.
 E = Time spent auto-exploring this place.
 F = Levels seen in this place.
 G = Mean time per level.
                   A        B        C        D        E       F      G
               +--------+--------+--------+--------+--------+-----+--------+
         Total |   7225 |   7007 |    218 |     98 |   5539 |   8 |  903.1 |
       Dungeon |   7085 |   6892 |    193 |     98 |   5427 |   7 | 1012.1 |
        Temple |    139 |    114 |     25 |      0 |    112 |   1 |  139.0 |
               +--------+--------+--------+--------+--------+-----+--------+

Top non-repeatable levels by time:
     D:5: 1490 daAuts
     D:4: 1402 daAuts
     D:6: 1249 daAuts
     D:2: 912 daAuts
     D:3: 794 daAuts
     D:1: 740 daAuts
     D:7: 495 daAuts
  Temple: 139 daAuts
